 Dungeon Crawl Stone Soup version 0.30.1 (webtiles) character file.

Game seed: 2676363614139234332

200 AgateBread the Trooper (level 5, -2/34 HPs)
             Began as a Gargoyle Monk on July 7, 2023.
             Slain by a gnoll
             ... wielding a +0 halberd of venom
              (5 damage)
             ... on level 4 of the Dungeon.
             The game lasted 00:07:05 (2418 turns).

AgateBread the Trooper (Gargoyle Monk)              Turns: 2418, Time: 00:07:09

Health: -2/34      AC: 10    Str: 15    XL:     5   Next: 79%
Magic:  5/5        EV: 11    Int: 12    God:
Gold:   157        SH:  0    Dex: 12    Spells: 4/4 levels left

rFire   . . .        a - +0 mace
rCold   . . .        d - orb {light}
rNeg    + . .        i - +0 ring mail
rPois   ∞            (no helmet)
rElec   +            (no cloak)
rCorr   .            (no gloves)
SInv    .            m - +0 pair of boots
Will    .....        j - amulet of the acrobat
Stlth   +            (no ring)
HPRegen 0.25/turn    (no ring)
MPRegen 0.09/turn

%: acrobat
@: glowing
A: sickness immunity, AC +4, negative energy resistance 1, electricity
resistance, torment resistance 1, petrification resistance
a: no special abilities


You were on level 4 of the Dungeon.
You visited 1 branch of the dungeon, and saw 4 of its levels.

You collected 157 gold pieces.

Inventory:

Hand Weapons
 a - a +0 mace (weapon)
 g - a +0 dagger of speed
Armour
 b - a +0 robe
 d - an orb of light (worn)
 i - a +0 ring mail (worn)
 m - a +0 pair of boots (worn)
 n - a +0 leather armour
Jewellery
 j - an amulet of the acrobat (around neck)
 q - an amulet of magic regeneration
Wands
 r - a wand of acid (1) (quivered)
Scrolls
 e - a scroll of enchant armour
 h - a scroll of amnesia
 k - a scroll of torment
 o - a scroll of magic mapping {unknown}
 p - a scroll of teleportation {unknown}
Potions
 c - a potion of ambrosia
 f - a potion of lignification {unknown}
 l - 2 potions of heal wounds {unknown}
 t - a potion of resistance {unknown}
 u - a potion of might {unknown}


   Skills:
 + Level 4.7 Fighting
 + Level 4.3 Maces & Flails
 + Level 3.2 Armour
 - Level 2.4 Dodging


You had 4 spell levels left.
You didn't know any spells.
Your spell library contained the following spells:

 Spells                   Type           Power      Damage    Failure   Level
 Scorch                   Fire           0%         2d5       67%         2
 Portal Projectile        Hex/Tloc       0%         N/A       88%         3
 Tukima's Dance           Hex            0%         N/A       88%         3
 Flame Wave               Conj/Fire      0%         2d4       99%         4
 Blade Hands              Tmut           0%         N/A       100%        5
 Summon Cactus Giant      Summ           0%         N/A       100%        6


Dungeon Overview and Level Annotations

Branches:
Dungeon (4/15)
 Temple: D:4-7

Altars:
Dithmenos

Shops:
D:1 !


Innate Abilities, Weirdness & Mutations

You are immune to sickness and miasma.
Your stone body is resilient. (AC +4)
You are immune to poison.
You resist negative energy. (rN+)
You are resistant to electric shocks. (rElec)
You are resistant to unholy torment.
You are immune to petrification.


Message History

There is a stone staircase leading down here.
You climb downwards.
There is a stone staircase leading up here.
A gnoll comes into view. It is wielding a +0 halberd.
The gnoll shouts!
You hear a shout!
A gnoll comes into view. It is wielding a +0 flail.
A gnoll comes into view. It is wielding a +0 flail.
Aiming: Corrosive Bolt
Press: ? - help, Q - select action Shift-Dir - straight line, f - gnoll
Aim: a gnoll, wielding a +0 flail (75% to hit)
The bolt of acid hits the gnoll!
The gnoll is severely wounded.
The bolt of acid hits the gnoll!
The acid corrodes the gnoll!
You kill the gnoll!
The gnoll shouts!
A gnoll comes into view. It is wielding a +0 halberd of venom.
The gnoll shouts!
The gnoll completely misses you. The gnoll hits you with a +0 halberd.
You hit the gnoll but do no damage.
The gnoll is severely wounded.
The gnoll hits you with a +0 halberd.
You hit the gnoll.
You kill the gnoll!
You hit the gnoll.
The gnoll is moderately wounded.
The gnoll hits you but does no damage. The gnoll attacks as you move away!
The gnoll hits you with a +0 flail.
You hit the gnoll but do no damage.
The gnoll is moderately wounded.
The gnoll closely misses you.
The gnoll hits you from afar with a +0 halberd of venom!
You hit the gnoll.
The gnoll is severely wounded.
The gnoll hits you with a +0 flail!
* * * LOW HITPOINT WARNING * * *
The gnoll hits you from afar with a +0 halberd of venom.
* * * LOW HITPOINT WARNING * * *
The gnoll hits you from afar with a +0 halberd of venom.
You die...

####### ##
#.....## .# #.#
#..### .######.#
#....#
..##....###..#.###
.....##......#...#
..#####.####.###.#
..# #......# #@#
..# ######## #g#
..# #g# #.# #)#
#.# #.# ... #)#
#.# #.# #.#


You could see 2 gnolls.

Vanquished Creatures
  A howler monkey (D:3)
  Robin (D:3)
  2 gnolls (D:4)
  4 adders
  2 worms
  3 dart slugs
  9 ball pythons
  6 bats
  5 endoplasms
  4 giant cockroaches
  15 goblins
  10 hobgoblins
  2 jackals (D:1)
  10 kobolds
  3 frilled lizards
  5 rats
82 creatures vanquished.

Notes
Turn   | Place    | Note
-------+----------+-------------------------------------------
     0 | D:1      | AgateBread the Gargoyle Monk began the quest for the Orb.
     0 | D:1      | Reached XP level 1. HP: 14/14 MP: 1/1
    41 | D:1      | Found Ojynkopt's Distillery.
   120 | D:1      | Reached XP level 2. HP: 19/19 MP: 2/2
   128 | D:1      | Reached skill level 1 in Armour
   203 | D:1      | Reached XP level 3. HP: 21/24 MP: 3/3
   799 | D:2      | Reached XP level 4. HP: 23/29 MP: 4/4
  1512 | D:3      | Noticed Robin
  1540 | D:3      | Killed Robin
  1541 | D:3      | Reached XP level 5. HP: 16/34 MP: 5/5
  1987 | D:3      | Found a shadowy altar of Dithmenos.
  2418 | D:4      | Slain by a gnoll

Illustrated notes

Levels and vault maps discovered:
D:1:      matt_arrival_debris, layout_rooms, serial_shops, nicolae_shop_stone,
          reono_crystal_passage, minmay_pentomino_p2
D:2:      layout_basic, nrook_uturn, grunt_decor_arrowhead
D:3:      layout_loops_ring, nicolae_dithmenos_through_a_glass_darkly,
          st_stairs_13, uniq_robin
D:4:      layout_loops_cross, nicolae_qazlal_scattered_showers

Skill      XL: |  1  2  3  4  5 |
---------------+----------------+-----
Armour         | 1 2 3 |  3.2
Fighting       | 4 |  4.7
Maces & Flails | 4 |  4.3
Dodging        | |  2.4

Action                     |  1- 3 |  4- 6 || total
---------------------------+-------+-------++-------
  Melee: Mace              |   104 |   108 ||   212
  Evoke: Wand              |       |     1 ||     1
    Use: Scroll            |       |     3 ||     3
 Armour: Robe              |    31 |       ||    31
         Ring mail         |    25 |    40 ||    65
  Dodge: Dodged            |    99 |    80 ||   179
